[Event "13th Palmanova Festival A 2024"]
[Site "Palmanova"]
[Date "2024.12.31"]
[Round "6.1"]
[White "Bettalli, Francesco"]
[Black "Martinovici, Ilia"]
[Result "0-1"]
[ECO "C13"]
[WhiteElo "2359"]
[BlackElo "2473"]
[Annotator "TA"]
[PlyCount "102"]
[EventDate "2024.12.27"]
[EventCountry "ITA"]
[SourceTitle "playchess.com"]
[Source "ChessBase"]
[SourceQuality "1"]
[TimeControl "6000+30"]

1. e4 e6 2. d4 d5 3. Nc3 Nf6 4. Bg5 dxe4 5. Nxe4 Be7 6. Bxf6 gxf6 7. Nf3 a6 8. g3 b5 9. Bg2 Bb7 10. Qe2 f5 11. Nc3 b4 12. Na4 Nd7 (12... O-O $11) 13. Rd1 (13. c4 $1 $14) 13... Bc6 {[%emt 0:18:03] [#] This pair of bishops is nice.} 14. Nc5 $1 Bxc5 (14... Nxc5 15. dxc5) 15. dxc5 {[%emt 0:00:01][%cal Of3e5] Ne5! is the strong threat.} Qe7 16. Rxd7 Bxd7 (16... Qxd7 $2 17. Ne5 Bxg2 (17... Bb5 $2 18. Qh5 $18) 18. Nxd7 Kxd7 19. Rg1 $18) 17. Ne5 Bb5 18. Qe3 $1 c6 19. Qd4 (19. c4 $11 {remains equal.} bxc3 20. bxc3) 19... O-O $1 $17 20. Qxb4 a5 21. Qd4 {[%emt 0:09:20] [#]} (21. Qa3 $17) 21... f6 $1 $19 22. Nxc6 $2 (22. Nd3 $17 {might work better.}) 22... Bxc6 $2 (22... Qe8 $19 {is more deadly.} 23. Ne7+ Qxe7 24. Bxa8 Rxa8) 23. Bxc6 $17 Rac8 24. Qd7 Kf7 25. O-O (25. Qxe7+ $17 {was the only chance.} Kxe7 26. Bb5 Rxc5 27. Bd3) 25... Rfd8 (25... Qxd7 $19 26. Bxd7 Rxc5) 26. Qxe7+ Kxe7 {[%emt 0:00:01][%mdl 4096] Endgame KRR-KRB} 27. Bb5 Rxc5 28. Bd3 Rd4 29. f4 Kd6 30. Kf2 {[%emt 0:02:35] [#]} Rxd3 $1 31. cxd3 {[%emt 0:00:05] KR-KR. White is a pawn up.} Rc2+ 32. Ke3 Rxb2 33. h3 Rxa2 {[%emt 0:00:11] Black is more active.} 34. g4 Rh2 (34... a4 $17 35. gxf5 a3 (35... exf5 36. Rb1 $17) 36. fxe6 Kxe6) 35. gxf5 $11 Rxh3+ 36. Kd4 $2 {[%emt 0:00:34] [#]} (36. Ke4 $15) 36... e5+ $1 $19 (36... exf5 37. Ra1 $17) 37. fxe5+ fxe5+ 38. Ke4 Rh4+ 39. Ke3 a4 $2 ({Black should play} 39... Ke7 $19 {White must now prevent ...Kf6.} 40. f6+ Kf7) 40. f6 $15 {[%emt 0:00:55] [#] f7 would kill now.} Rf4 $1 41. Rh1 $1 Rxf6 42. Rxh7 Kc5 43. Ra7 Kb4 44. Ke4 $2 (44. Rb7+ $17 Kc3 45. Rc7+ Kb2 46. Rb7+ Kc3) 44... Rd6 $19 {[%emt 0:00:00] ( -> ...a3)} 45. Kxe5 Rxd3 46. Ke4 Rd1 47. Ke3 a3 48. Ke2 Rd5 49. Rb7+ Rb5 50. Ra7 Kb3 51. Kd1 Kb2 0-1

[Event "13th Palmanova Festival A 2024"]
[Site "Palmanova"]
[Date "2024.12.31"]
[Round "6.2"]
[White "Lumachi, Gabriele"]
[Black "Savanovic, Aleksandar"]
[Result "1-0"]
[ECO "D32"]
[WhiteElo "2438"]
[BlackElo "2354"]
[Annotator "TA"]
[PlyCount "99"]
[EventDate "2024.12.27"]
[EventCountry "ITA"]
[SourceTitle "playchess.com"]
[Source "ChessBase"]
[SourceQuality "1"]
[TimeControl "6000+30"]

1. c4 e6 2. Nf3 Nf6 3. b3 d5 4. e3 Be7 5. Bb2 O-O 6. Nc3 c5 7. cxd5 exd5 8. d4 Nc6 9. Be2 Bg4 10. dxc5 Bxc5 11. O-O a6 12. h3 Be6 13. Bd3 Qe7 14. Ne2 Ba3 15. Qc1 Bxb2 16. Qxb2 Rac8 17. Rac1 Rc7 18. Nf4 Rfc8 19. Bb1 h6 20. Rfd1 a5 21. Nh4 Nb4 22. Rxc7 Qxc7 23. a3 Na6 24. Bf5 {[%emt 0:11:52] White has more active pieces.} Qb6 25. Nhg6 Re8 {[%emt 0:01:12] Wards off Ne7+} 26. Bxe6 fxe6 27. Rc1 Nb8 28. b4 Nbd7 29. Ne5 Nxe5 ({Better is} 29... axb4 30. Nxd7 (30. axb4 Nxe5 31. Qxe5 Qxb4 $11) 30... Nxd7) 30. Qxe5 $16 axb4 $2 {[%emt 0:00:05] [#]} (30... Nd7 $16 {was called for.} 31. Qc7 Qb5) 31. Rc7 $1 $18 {[%emt 0:16:39][%cal Oc7g7] Rxg7+! is the strong threat.} (31. axb4 Qxb4 $11) 31... bxa3 {[%emt 0:00:08] [#] and ...Qb1+ should not be overlooked} 32. Rxg7+ $3 Kxg7 33. Nh5+ Kh7 34. Nxf6+ (34. Qxf6 $2 Qb1+ 35. Kh2 Qg6 $19) 34... Kg6 35. Nxe8 {[%emt 0:00:05][%mdl 4096] Endgame} Qb1+ 36. Kh2 Kf7 37. Nd6+ Ke7 38. e4 Qb2 $2 (38... Kd7 39. exd5 exd5 40. Qxd5 a2) 39. Nf5+ Kf7 40. Nd4 (40. Nxh6+ Kg6 41. Qxe6+ Qf6 $16) 40... dxe4 (40... Qb6 $142 41. exd5 exd5 42. Qxd5+ Kf8) 41. Qxe6+ Kf8 42. Qxh6+ Kg8 43. Qg6+ Kf8 44. Qf5+ Kg8 45. Qe6+ Kf8 46. Nf5 {[%emt 0:00:00] Intending Nd6 and mate.} a2 47. Qe7+ (47. Qxe4 a1=Q 48. Qe7+ Kg8 49. Qe8+ Kh7 50. Qf7+ Kh8 $11) 47... Kg8 48. Qe8+ (48. Qxe4 a1=Q 49. Qe6+ Kh7 50. Qf7+ Kh8 $11) 48... Kh7 49. Qf7+ ({Not} 49. Qxe4 a1=Q 50. Nd6+ Kh8 (50... Kh6 51. Qh4+ Kg6 52. f4 $11) 51. Qe8+ Kh7 52. Qh5+ Kg7 53. Qf7+ Kh8 54. Qh5+ Kg7 55. Qf7+ Kh8 56. Qh5+ Kg7 $11) 49... Kh8 50. Nh4 1-0

[Event "13th Palmanova Festival A 2024"]
[Site "Palmanova"]
[Date "2024.12.31"]
[Round "6.3"]
[White "Di Benedetto, Edoardo"]
[Black "Javornik, Nik"]
[Result "1-0"]
[ECO "A58"]
[WhiteElo "2411"]
[BlackElo "2300"]
[Annotator "TA"]
[PlyCount "121"]
[EventDate "2024.12.27"]
[EventCountry "ITA"]
[SourceTitle "playchess.com"]
[Source "ChessBase"]
[SourceQuality "1"]
[TimeControl "6000+30"]

1. d4 Nf6 2. c4 g6 3. g3 Bg7 4. Bg2 c5 5. d5 d6 6. Nc3 O-O 7. Nf3 a6 8. O-O b5 9. cxb5 axb5 10. Nxb5 Ba6 11. Nc3 Nbd7 12. Qc2 Ng4 13. h3 Nge5 14. Nxe5 Nxe5 {[%emt 0:00:18] White is slightly better.} 15. b3 Qa5 16. Bd2 Rfb8 17. Rab1 Qa3 18. Kh2 c4 19. Qc1 Qa5 (19... Qxc1 {simplifies} 20. Rfxc1 cxb3 21. axb3 Nd7) 20. Na4 Qb5 {[%emt 0:00:34][%cal Rc4b3] aiming for ...cxb3.} 21. f4 Nd7 22. Bc3 cxb3 23. Bxg7 {[%emt 0:01:57] Black must now prevent Nc3.} Kxg7 24. axb3 Rc8 25. Qb2+ Kg8 26. Bf3 Qb4 27. Rfc1 Rab8 28. Rc3 Bb5 29. Rbc1 Rxc3 30. Qxc3 Bxa4 31. bxa4 Nc5 32. a5 Qxc3 $1 33. Rxc3 $14 {[%emt 0:00:02][%mdl 4096] Endgame. KRB-KRN} Ra8 $1 34. Ra3 Ra6 $1 35. Bg4 (35. e4 $5 Nb7 $8 36. Rc3 $11) 35... Nb7 (35... h5 $11 36. Bf3 Nb7) 36. Bc8 (36. Re3 $14 Nc5 37. Rxe7) 36... Rxa5 $11 37. Re3 Nc5 38. Rxe7 h5 {[%emt 0:06:10] Wards off Bg4} 39. h4 Kf8 40. Re3 Ra8 ({Better is} 40... f5 $11) 41. Bh3 $14 Re8 ({Black should play} 41... Ra2 $14) 42. Rxe8+ $16 Kxe8 {[%emt 0:00:00] KB-KN} 43. Bg2 f5 44. Kg1 Ke7 45. Kf2 Kf6 46. Ke3 Ke7 47. Kd4 Nb3+ 48. Kc4 Nc5 49. e4 fxe4 50. Kd4 Kf7 $2 {[%emt 0:00:00] Black cannot hold the game after this.} (50... e3 $16 51. Kxe3 Kf7) 51. Bxe4 $18 Kf6 52. Bc2 Nd7 {[%emt 0:00:00] [#]} 53. Kc3 $1 {[%emt 0:00:00] Kb4 would now be deadly.} Kf7 (53... Kg7 $142 54. Bd3 Nf6) 54. Kb4 Nf6 55. Kb5 Nxd5 (55... Kg7 $18 56. Kc6 Kf7 57. Kxd6 Nh7) 56. Bb3 {[%emt 0:00:00] White mates.} Ke6 57. Kc6 Kf5 58. Kxd5 Kg4 59. Kxd6 Kxg3 {[%emt 0:00:00] [#]} 60. Ke5 $1 Kxh4 61. Bc2 {[%emt 0:00:00] Weighted Error Value: White=0.06 (flawless) /Black=0.23 (precise) .  Loses game:     	---       	Black=1      Mistake:       	White=1     	Black=4      Inaccurate:     	White=1     	Black=2      OK:         	White=18    	Black=15     Best:        	White=5     	Black=6      Strong:       	White=1     	Black=3} 1-0

[Event "13th Palmanova Festival A 2024"]
[Site "Palmanova"]
[Date "2024.12.31"]
[Round "6.4"]
[White "Dobrovoljc, Vid"]
[Black "Casadio, Niccolo`"]
[Result "1-0"]
[ECO "B90"]
[WhiteElo "2365"]
[BlackElo "2275"]
[Annotator "TA"]
[PlyCount "119"]
[EventDate "2024.12.27"]
[EventCountry "ITA"]
[SourceTitle "playchess.com"]
[Source "ChessBase"]
[SourceQuality "1"]
[TimeControl "6000+30"]

1. e4 c5 2. Nf3 d6 3. d4 cxd4 4. Nxd4 Nf6 5. Nc3 a6 6. Be3 e5 7. Nf3 Qc7 8. a4 Be6 9. Be2 {[%emt 0:04:15] B90: Sicilian Najdorf: Unusual White 6th moves, 6 Be3 Ng4 and 6 Be3 e5.} Be7 10. O-O Nbd7 11. Ng5 Bc4 12. a5 Rc8 13. Bxc4 $146 ({Predecessor:} 13. Ra4 Bxe2 14. Qxe2 O-O 15. Rd1 Nb8 16. Nf3 Qd7 17. Nxe5 Qe8 18. Nc4 Nxe4 19. Nd5 Qxa4 20. Nxe7+ {1-0 Erenburg,S (2563)-Medrano,M (2073) American Continental 14th 2018 (1)}) 13... Qxc4 14. Ra4 Qc7 15. Qd3 O-O 16. Nf3 Rfd8 17. Nd2 Nc5 18. Bxc5 dxc5 19. Qe2 Rd4 20. Nc4 Rcd8 21. Raa1 Bd6 22. Nb6 Qc6 23. Rfe1 Bf8 (23... c4 $11) 24. Ncd5 Kh8 25. Nxf6 (25. f3 {simplifies} Qb5 26. Ne3 Qxe2 27. Rxe2 Ng8 28. c3) 25... Rd2 {[%emt 0:01:58] [#]} 26. Qe3 $1 Qxf6 27. Nd5 R8xd5 $2 (27... Qh6 $16 {might work better.}) 28. exd5 $18 Rxc2 29. Ra3 (29. Qxe5 $2 Qxf2+ 30. Kh1 Qxg2#) 29... Rxb2 30. Rb3 $1 (30. Qxe5 $2 Qxf2+ 31. Kh1 Qxg2#) 30... Ra2 31. Rxb7 (31. Qxe5 $2 Qxf2+ 32. Kh1 Qxg2#) 31... Rxa5 $2 (31... Bd6 32. Qf3 (32. Ra7 g6 $18) 32... c4 33. Rxf7 Qxf3 34. gxf3 (34. Rxf3 Rxa5 35. Rc3 Rxd5 $18) 34... h6) 32. Rb8 $18 (32. Qxe5 $2 Qxe5 33. Rbb1 Qxd5 $19) 32... Kg8 33. f4 (33. Qxe5 $2 {perishes.} Qxe5 34. Rbb1 Qxd5 $19) 33... Rb5 34. fxe5 Qh4 35. Ra8 Qe7 36. e6 Rb6 37. exf7+ Qxf7 38. Rf1 Rf6 39. Rxf6 gxf6 40. Qxc5 (40. Qg3+ $142 Qg6 41. Qxg6+ (41. Rxa6 Kf7 $18) (41. Qb8 Qh6 $18) 41... hxg6 42. d6 (42. Rxa6 Kf7 $18)) 40... Kg7 $18 41. Qa7 Be7 42. Rc8 (42. Qxa6 Qxd5 43. Qa1 Qf5 $18) 42... Kg6 43. Rc1 (43. Qxa6 Qxd5 44. Rc1 Qd4+ 45. Kh1 Bd6 $18) (43. Rc7 $142) 43... Bb4 44. Qxf7+ ({Less strong is} 44. Qxa6 Qxd5 45. Qe2 Bd6 46. Qg4+ Qg5 47. Qe4+ Kg7 $18) 44... Kxf7 45. Kf2 a5 46. Ke3 Bd6 47. Ra1 Bb4 48. Ke4 Ke7 49. h3 Kd6 50. g4 Kc5 51. Rd1 Kd6 52. Rc1 Bc5 53. Rc4 h6 54. h4 Bf2 55. Rc6+ Ke7 56. h5 Bg3 57. Kf5 Be5 58. g5 hxg5 59. h6 Kf7 60. d6 1-0

[Event "13th Palmanova Festival A 2024"]
[Site "Palmanova"]
[Date "2024.12.31"]
[Round "6.5"]
[White "Cina`, Vittorio"]
[Black "Skrbec, Leon"]
[Result "1/2-1/2"]
[ECO "E11"]
[WhiteElo "2325"]
[BlackElo "2265"]
[Annotator "TA"]
[PlyCount "101"]
[EventDate "2024.12.27"]
[EventCountry "ITA"]
[SourceTitle "playchess.com"]
[Source "ChessBase"]
[SourceQuality "1"]
[TimeControl "6000+30"]

1. d4 Nf6 2. c4 e6 3. Nf3 Bb4+ 4. Nbd2 O-O 5. a3 Be7 6. e4 d5 7. e5 Ne4 8. Bd3 Nxd2 9. Qxd2 dxc4 $1 10. Bxc4 Bd7 11. h4 Bc6 12. Rh3 Be4 13. Qf4 Bxf3 (13... Bd5 $11 14. Bd3 f5) 14. Rxf3 $16 c5 $1 15. dxc5 (15. Rg3 $14 Nc6 (15... Qxd4 16. Qxd4 cxd4 17. Bh6 $16) (15... cxd4 16. Qe4 $14) (15... Bxh4 16. Rh3 $18) 16. Qh6) 15... Nd7 ({Better is} 15... Bxc5 $11 16. Rd3 Qe8) 16. Bd2 Qc7 17. Bc3 Nxc5 18. Rd1 Qc6 19. h5 (19. Bd4 $14) 19... h6 (19... Ne4 $5) 20. Ba2 (20. Be2 $11) 20... Bg5 $15 21. Qc4 Rfd8 22. Bb1 Rxd1+ 23. Kxd1 Rd8+ 24. Ke2 $2 (24. Ke1 $15) 24... b5 $19 25. Qb4 $2 {[%emt 0:00:20] [#]} (25. Qg4 Na4 26. Qe4 Qxe4+ (26... Nxc3+ 27. Rxc3 Qxe4+ 28. Bxe4 $14) 27. Bxe4) 25... Qd5 $2 (25... a5 $1 $19 26. Qxa5 Ra8) 26. Bc2 $1 $11 a6 (26... Na4 $5 27. Bxa4 bxa4 28. Qxa4 Bd2 $17) 27. Rg3 a5 (27... Na4 $5 28. Kf1 (28. Bxa4 bxa4 29. Qxa4 Bf4 $17) 28... Nxc3 29. Qxc3 Qd2 30. Qxd2 Bxd2 $15 (30... Rxd2 31. Rc3 $14)) 28. Qg4 $1 (28. Qxa5 Qc4+ 29. Ke1 b4 30. Qxb4 Bd2+ 31. Bxd2 Qxc2 $19) (28. Qxb5 Ne4 29. Qxd5 Nxg3+ 30. fxg3 Rxd5 $17 (30... exd5 31. Kd3 $11)) 28... Nb3 29. Kf1 Nd2+ 30. Kg1 Qa2 (30... Qc4 $11 31. Qxc4 Nxc4) 31. Rd3 $1 $14 ({Reject} 31. Bxa5 Qa1+ 32. Kh2 (32. Qd1 $2 Nf3+ 33. Rxf3 Rxd1+ $19) 32... Nf1+ 33. Kh3 Nxg3 34. Kxg3 (34. Bxd8 $2 {perishes.} Ne2 $19) 34... Qxb2 (34... Rc8 35. Qe4 $11) 35. Bxd8 Bxd8 $15) 31... Rxd3 32. Bxd3 Qd5 33. Qe2 Nc4 $2 (33... Nb3 $1 $14 34. Be4 (34. Bxb5 Nd4 $11) 34... Qc5) 34. g3 $2 ({White must play} 34. a4 $1 $18) 34... a4 35. Bb1 Nd2 36. Bxd2 Qxd2 37. Qe4 Qd1+ 38. Kg2 Qd5 39. Qxd5 exd5 40. f4 Be7 41. Bc2 Bc5 42. Bd3 Bd4 43. Bxb5 Bxb2 44. Bxa4 Bxa3 45. Bb3 d4 46. Kf3 Bc1 47. Ke4 Be3 48. Bc4 Kf8 49. Kf5 Bf2 50. g4 Be3 51. Ke4 1/2-1/2

[Event "13th Palmanova Festival A 2024"]
[Site "Palmanova"]
[Date "2024.12.31"]
[Round "6.6"]
[White "Pegno, Mattia"]
[Black "Kalosha, Zhiulien Oleksii"]
[Result "1/2-1/2"]
[ECO "D30"]
[WhiteElo "2243"]
[BlackElo "2306"]
[Annotator "TA"]
[PlyCount "167"]
[EventDate "2024.12.27"]
[EventCountry "ITA"]
[SourceTitle "playchess.com"]
[Source "ChessBase"]
[SourceQuality "1"]
[TimeControl "6000+30"]

1. d4 d5 2. c4 e6 3. Nf3 c6 4. Qc2 Nf6 5. Bg5 h6 6. Bh4 dxc4 7. Qxc4 Be7 8. Nbd2 b6 9. Qc2 O-O 10. e3 Bb7 11. Be2 Nbd7 12. O-O Rc8 13. Rac1 c5 14. Qb1 Nd5 15. Bg3 cxd4 16. Nxd4 a6 17. e4 N5f6 18. Rxc8 Qxc8 19. Rc1 Qa8 20. f3 Nh5 21. Bf2 Nf4 22. Bf1 Rd8 23. Nc4 Ng6 24. Nb3 Qb8 25. Rd1 Ba8 26. Qc2 h5 27. Be3 h4 28. Qf2 b5 29. Nca5 Bd6 30. Kh1 Bxh2 31. Ba7 Qc7 32. Bb6 Nxb6 33. Rxd8+ Qxd8 34. Kxh2 Qc7+ 35. Kg1 Nd7 36. Qe1 Nde5 37. Qc3 Qxc3 $2 (37... Qd8 $19 {and Black stays clearly on top.} 38. Kf2 Kh7) 38. bxc3 $17 Nd7 (38... h3 $1 $17 39. Nc5 Nh4 40. Nxa6 hxg2 41. Bxg2 Nexf3+ (41... Nhxf3+ $2 42. Kf2 $19) 42. Bxf3 Nxf3+ 43. Kf2 Bxe4) 39. c4 $11 bxc4 40. Bxc4 Nb8 41. Nc5 Ne5 42. Bxa6 Kf8 43. Bb7 Bxb7 44. Naxb7 Ke7 45. a4 Ned7 ({Black should try} 45... g5 $11) 46. Nd3 Na6 47. Kh2 g5 (47... Nb6 $1 $11 {keeps the balance.}) 48. a5 Kf6 49. Kh3 $1 Kg6 {[%emt 0:00:00] [#]} 50. Nd8 $1 Nac5 (50... Nc7 $16 {keeps fighting.} 51. e5 f6) 51. Nxc5 $18 Nxc5 52. Nb7 Na6 {[%emt 0:00:00] [#]} (52... Nxb7 $2 {perishes.} 53. a6 Nc5 (53... g4+ $2 54. Kxg4 Nd6 55. a7 $18) 54. a7 $18) 53. e5 (53. Nd6 $1 $16) 53... Kf5 $11 54. Nd6+ Kxe5 55. Nxf7+ Kf4 56. Nd6 e5 57. Nc4 Nc5 58. Nb6 Kf5 59. Nd5 Na6 $1 60. Nc3 Kf4 61. Nb5 Ke3 62. Nd6 Kf4 $1 63. Nb5 Ke3 64. Nd6 Kf4 $1 65. Nc4 Nc5 66. Nb2 Kf5 67. Nd1 Kf4 68. Nf2 Na6 69. Kh2 Nc7 70. Nd3+ Kf5 71. Nc5 g4 $1 72. fxg4+ Kxg4 73. a6 e4 (73... Nxa6 {simplifies} 74. Nxa6 e4 75. Nb4 e3) 74. a7 e3 75. Nd3 e2 76. Ne1 Na8 77. Nc2 Nb6 78. Ne3+ Kg5 (78... Kh5 $5 79. Nc2 $8 Kg4 $11) 79. Nc2 Kg4 80. Ne1 Na8 81. Nf3 h3 82. Ne1 (82. gxh3+ Kxf3 83. h4 e1=Q (83... e1=R {leads to mate.} 84. h5 Re5 85. h6 Rh5+ 86. Kg1 Rxh6 87. Kf1 Rh1#) 84. h5 Qf1 85. h6 Qg2#) 82... hxg2 83. Kxg2 Kf4 84. Kf2 1/2-1/2

[Event "13th Palmanova Festival A 2024"]
[Site "Palmanova"]
[Date "2024.12.31"]
[Round "6.7"]
[White "Knudsen, Simon"]
[Black "Candian, Lorenzo"]
[Result "1/2-1/2"]
[ECO "B28"]
[WhiteElo "2303"]
[BlackElo "2208"]
[Annotator "TA"]
[PlyCount "74"]
[EventDate "2024.12.27"]
[EventCountry "ITA"]
[SourceTitle "playchess.com"]
[Source "ChessBase"]
[SourceQuality "1"]
[TimeControl "6000+30"]

1. e4 c5 2. Nf3 a6 3. c3 d5 4. exd5 Qxd5 5. Be2 Nf6 6. O-O e6 7. Na3 Nbd7 8. Re1 Be7 9. Nc4 b5 {[%emt 0:00:36] [#]} 10. Nfe5 $1 Nxe5 11. Nxe5 Qd6 12. Bf3 {[%emt 0:14:29] Prevents Bb7} Rb8 {[%emt 0:06:58] [#]} (12... Ra7 $14) 13. d4 $1 $16 Nd5 {[%emt 0:12:41] [#]} 14. dxc5 (14. c4 $1 $18 bxc4 15. Nxc4) 14... Qxc5 15. Bxd5 Qxd5 16. Qxd5 exd5 17. Nc6 Rb7 {[%emt 0:00:13] Black is weak on the dark squares} 18. a4 Rc7 19. axb5 axb5 20. Nb4 {[%emt 0:14:49] White has more active pieces.} (20. Na7 $142 O-O 21. Bf4 (21. Nxb5 Rb7 $16)) 20... Bb7 $2 (20... f6 $16 {was called for.}) 21. Ra5 (21. Bf4 $18 {and the rest is easy.} Rd7 22. Nd3) 21... Kd7 22. Rxb5 Bxb4 23. Rxb4 {[%emt 0:00:11] Threatens to win with Bf4.} Re8 24. Be3 Bc6 25. Rh4 h6 26. Rd1 Ke6 27. Rhd4 Rd7 (27... f6 $16 28. Re1 Kf7) 28. h3 Rb8 29. Ra1 (29. b4 $16) 29... Rxb2 $14 30. Ra6 Kd6 31. c4 Kc7 32. cxd5 Bxd5 33. Rd1 Bb7 34. Bf4+ Kc8 35. Raa1 Rxd1+ 36. Rxd1 Rb6 37. f3 Re6 1/2-1/2

[Event "13th Palmanova Festival A 2024"]
[Site "Palmanova"]
[Date "2024.12.31"]
[Round "6.8"]
[White "Stankovic, Milos"]
[Black "Skawinski, Arkadiusz"]
[Result "1/2-1/2"]
[ECO "D00"]
[WhiteElo "2462"]
[BlackElo "2330"]
[Annotator "TA"]
[PlyCount "51"]
[EventDate "2024.12.27"]
[EventCountry "ITA"]
[SourceTitle "playchess.com"]
[Source "ChessBase"]
[SourceQuality "1"]
[TimeControl "6000+30"]

1. d4 d5 2. Nc3 e6 3. Bf4 a6 4. e3 c5 5. Nf3 Nc6 6. a3 Nf6 7. h4 b5 8. h5 {[%emt 0:12:47] Black has an edge.} h6 9. Ne5 Bb7 10. Qf3 Qa5 11. Rd1 (11. dxc5 $15 b4 12. Nxc6 Bxc6 13. Na2 Bxc5 (13... Qxc5 14. Nxb4 Bd7 15. Be5 $14) 14. c3 (14. axb4 Bxb4+ 15. c3 Be7 $17) 14... bxc3 (14... bxa3 15. b4 $16) 15. Nxc3 (15. b4 $2 Qxa3 16. bxc5 Qb2 $19)) 11... c4 $1 $17 12. Be2 Nxe5 ({Better is} 12... Bxa3 $1 $19 13. Qg3 Nxe5 (13... Bxb2 14. Qxg7 Qxc3+ 15. Kf1 $17) 14. Bxe5 Bxb2 15. Qxg7 Qxc3+ 16. Kf1 Rh7 (16... Rg8 17. Qxf6 Ba3 18. Qxh6 $17) 17. Qxf6 Ba3 (17... Qxc2 18. Bd6)) 13. Bxe5 {[%emt 0:03:41] [#]} Ne4 14. O-O Nxc3 15. bxc3 Qxc3 16. Qg3 Rc8 (16... Qxc2 $17 17. Bg4 Qb3 (17... Bxa3 18. f4 $17)) 17. Bg4 (17. Bxg7 $2 Rg8 18. Qf4 Rxg7 $19 (18... Bxg7 $2 19. Rc1 $19)) (17. f4 $1 $11 {remains equal.}) 17... Qxc2 (17... Bxa3 $2 18. Bxe6 Rg8 (18... fxe6 $2 19. Qxg7 Rf8 20. Qxb7 $18) 19. Bxc8 Bxc8 20. Bd6 (20. Bxg7 Kd7 $18) 20... Bxd6 21. Qxd6 $18) (17... Qxa3 $17 18. f4 f5) 18. f4 $1 $11 {[%emt 0:00:11] Strongly threatening f5.} f5 (18... Bxa3 19. f5 exf5 20. Bxf5 $18 (20. Bxg7 fxg4 21. Bxh8 Qe4 $11)) 19. Bh3 Bc6 $2 (19... Bxa3 $2 20. Qxg7 (20. Bxg7 Rg8 $11) 20... a5 21. Qxb7 $18 (21. Qxh8+ Kd7 $18)) (19... Qe4 $11 {and Black has nothing to worry.}) 20. Qg6+ (20. e4 $142) 20... Ke7 $2 (20... Kd7 21. e4 Re8 (21... fxe4 22. Qxe6+ Kd8 23. Qxc8+ Ke7 24. Qc7+ Ke8 25. Qxc6+ Kf7 26. Qe6#) (21... Qxe4 $2 {too greedy.} 22. Rfe1 $18) (21... Bxa3 $2 22. exf5 Kd8 23. Qxg7 $18) 22. exf5 Kd8) 21. Bxg7 $18 Bxg7 22. Qxg7+ Kd6 23. Qe5+ Kd7 {[%emt 0:00:05] And now ...Rcg8 would win.} 24. Qg7+ Kd6 {[%emt 0:00:03] ...Rhg8 is the strong threat.} 25. Qe5+ Kd7 $1 {[%emt 0:00:04] [#] White must now prevent ...Rhg8.} 26. Qg7+ $2 {[%emt 0:02:36] Weighted Error Value: White=0.70/Black=0.55.  Loses game:     	---       	Black=1      Missed win:     	White=1     	---        Mistake:       	White=3     	Black=4      Inaccurate:     	White=1     	---        OK:         	White=5     	Black=8      Best:        	White=2     	Black=2      Strong:       	White=1     	Black=2} (26. e4 $1 $18 Qxe4 27. Qg7+ Kd6 28. Rfe1) 1/2-1/2

[Event "13th Palmanova Festival A 2024"]
[Site "Palmanova"]
[Date "2024.12.31"]
[Round "6.9"]
[White "Gkoumas, Georgios"]
[Black "Reza, Wojciech"]
[Result "1/2-1/2"]
[ECO "B92"]
[WhiteElo "2449"]
[BlackElo "2227"]
[Annotator "TA"]
[PlyCount "24"]
[EventDate "2024.12.27"]
[EventCountry "ITA"]
[SourceTitle "playchess.com"]
[Source "ChessBase"]
[SourceQuality "1"]
[TimeControl "6000+30"]

1. e4 c5 2. Nf3 d6 3. d4 cxd4 4. Nxd4 Nf6 5. Nc3 a6 6. Be2 e5 7. Nb3 Be6 8. Be3 Nbd7 9. a4 Rc8 10. Qd3 Bc4 11. Qd2 d5 12. exd5 ({White should play} 12. Nxd5 $11 Nxe4 13. Qd1 Bxb3 14. cxb3) 12... Bb4 1/2-1/2

[Event "13th Palmanova Festival A 2024"]
[Site "Palmanova"]
[Date "2024.12.31"]
[Round "6.10"]
[White "Zamengo, Fulvio"]
[Black "Marn, Jan"]
[Result "1-0"]
[ECO "C54"]
[WhiteElo "2348"]
[BlackElo "2400"]
[Annotator "TA"]
[PlyCount "115"]
[EventDate "2024.12.27"]
[EventCountry "ITA"]
[SourceTitle "playchess.com"]
[Source "ChessBase"]
[SourceQuality "1"]
[TimeControl "6000+30"]

1. e4 e5 2. Nf3 Nc6 3. Bc4 Bc5 4. O-O Nf6 5. d3 d6 6. c3 h6 7. Re1 O-O 8. h3 Bb6 9. Nbd2 Ne7 10. d4 Nc6 11. a4 a5 12. Ra3 Re8 13. Ba2 Qe7 ({Black should play} 13... Ba7 $11) 14. Nc4 Ba7 15. Bb1 Qf8 16. dxe5 (16. b3 $14) 16... dxe5 17. Ne3 Bxe3 18. Bxe3 b6 19. Nh4 Be6 20. Qf3 Kh7 21. Nf5 Ng8 22. Bc1 Red8 23. g4 g6 24. Ne3 Nge7 25. Ra1 f6 26. h4 Kg7 27. h5 g5 28. Qe2 Rd7 29. Bd3 Rad8 30. Bc4 Qf7 31. Bxe6 (31. b3 $16) 31... Qxe6 $11 32. Qc4 Kf7 33. Kf1 (33. Qxe6+ Kxe6 34. b3 Rb8 35. Ba3) 33... Nc8 34. f3 (34. Qxe6+ {simplifies} Kxe6 35. f3 Nd6 36. Rb1) 34... N6e7 (34... Qxc4+ $11 35. Nxc4 Nd6) 35. Ke2 (35. Qxe6+ $16 Kxe6 36. Ke2) 35... Nd6 36. Qxe6+ Kxe6 37. Rd1 Nb7 38. Rxd7 Rxd7 39. b4 c5 (39... axb4 $14 40. cxb4 Rd8) 40. Rb1 $16 cxb4 41. cxb4 Rc7 (41... Kf7 $16 {was called for.} 42. Nc4 Nc8) 42. bxa5 $18 bxa5 43. Ba3 Nd6 44. Rb6 Rc6 45. Rxc6 Nxc6 46. Bxd6 Kxd6 $2 {[%emt 0:00:00][%mdl 4096] Endgame KN-KN} (46... Nd4+ 47. Kf2 Kxd6) 47. Nf5+ Kc5 48. Nxh6 Kb4 49. Ng8 Kxa4 50. h6 (50. Nxf6 $142 Nd8 51. h6) 50... Nd8 51. Nxf6 Nf7 52. h7 Kb3 53. Nd7 {[%emt 0:00:00][%cal Od7e5] Nxe5! is the strong threat.} a4 {[%emt 0:00:00][%cal Ba5a4,Ba4a3][%mdl 32] [#]} 54. Nxe5 $1 Nh8 55. Nd3 {[%emt 0:00:00] Intending e5 and mate.} Kc3 56. e5 a3 {[%emt 0:00:00] [#]} 57. Nc1 $1 Kc2 58. Na2 1-0